 Dungeon Crawl Stone Soup version 0.23.0-38-g208d714 (webtiles) character file.

Game seed: 3915000279813279233

93 Hasart the Digger (level 4, -8/24 HPs)
             Began as a Deep Elf Earth Elementalist on Feb 28, 2019.
             Mangled by Natasha (10 damage)
             ... on level 2 of the Dungeon.
             The game lasted 00:02:29 (848 turns).

Hasart the Digger (Deep Elf Earth Elementalist)      Turns: 848, Time: 00:02:30

Health: -8/24      AC:  0    Str:  5    XL:     4   Next: 36%
Magic:  7/12       EV: 16    Int: 21    God:
Gold:   60         SH:  0    Dex: 15    Spells: 10/11 levels left

rFire    . . .     SeeInvis .   (weapon currently unavailable)
rCold    . . .     Gourm    .   (shield currently unavailable)
rNeg     . . .     Faith    .   (armour currently unavailable)
rPois    .         Spirit   .   (helmet currently unavailable)
rElec    .         Reflect  .   (cloak currently unavailable)
rCorr    .         Harm     .   (gloves currently unavailable)
MR       .....                  (boots currently unavailable)
Stlth    ++........             (no amulet)
HPRegen  0.08/turn              (ring currently unavailable)
MPRegen  0.13/turn              (ring currently unavailable)

@: pig-form, very quick
A: small
a: no special abilities


You were on level 2 of the Dungeon.
You were not hungry.
You were a filthy swine.
You visited 1 branch of the dungeon, and saw 2 of its levels.

You collected 60 gold pieces.

Inventory:

Hand Weapons
 g - a +0 spear (melded)
Missiles
 b - 26 stones (quivered)
Armour
 c - a +0 robe (melded)
Scrolls
 a - 3 scrolls of identify {unknown}
 h - a scroll of teleportation {unknown}
 i - a scroll of fear {unknown}
 k - a scroll of immolation {unknown}
Potions
 e - a potion of magic {unknown}
 j - a potion of degeneration {unknown}
Comestibles
 d - 2 rations
 f - 5 chunks of flesh


   Skills:
 + Level 3.4 Dodging
 - Level 2.4 Stealth
 + Level 4.0 Spellcasting
   Level 1.1 Transmutations
 * Level 4.7 Earth Magic


You had 10 spell levels left.
You knew the following spells:

 Your Spells              Type           Power        Failure   Level  Hunger
a - Sandblast             Erth           ###...       1%          1    None

Your spell library contained the following spells:

 Spells                   Type           Power        Failure   Level  Hunger
 Passwall                 Tmut/Erth      ###.....     5%          2    #......
 Stone Arrow              Conj/Erth      ##....       14%         3    ###....
 Petrify                  Tmut/Erth      ###.....     34%         4    ####...
 Lee's Rapid Deconstruct  Erth           ###.......   43%         5    ######.


Dungeon Overview and Level Annotations

Branches:
Dungeon (2/15)

Altars:
Uskayaw

Annotations:
D:2 Natasha


Message History

Natasha hisses angrily.
You see here a worm corpse.
Natasha stares at you and mumbles some strange words.
The magic dart hits you!
* * * LOW HITPOINT WARNING * * *
Casting: Sandblast (safe; 1% risk of failure)
Confirm with . or Enter, or press ? or * to list all spells.
Aiming: Sandblast (safe; 1% risk of failure)
Press: ? - help, Shift-Dir - straight line, f - Natasha
Aim: Natasha, carrying a wand of polymorph (9)
The blast of sand hits Natasha.
Natasha is moderately wounded.
b - 26 stones Natasha zaps a wand.
You turn into a filthy swine.
Your +0 spear melds into your body.
Your +0 robe melds into your body.
Natasha misses you.
You hit Natasha but do no damage.
Natasha is moderately wounded.
Natasha claws you!
You die...

..........w....#
#.............#
#........$....#
#.............#
#..#####..#####
###..........###
........###....#
##.8..._.h.8.#
#.....).h..(#
#.8......(8.#
#...........#
#.8..[...†8.#
#...........#
###.#..##.###
......##.#
#.........<#
#..........#


You could see Natasha.

Vanquished Creatures
  Jessica (D:2)
  Natasha (D:2)
  A worm (D:2)
  3 dart slugs (D:1)
  A leopard gecko (D:1)
  2 giant cockroaches (D:1)
  3 goblins (D:1)
  A hobgoblin (D:1)
  4 jackals (D:1)
  8 kobolds
  A ball python (D:1)
  A bat (D:2)
  2 frilled lizards (D:1)
  4 rats (D:1)
33 creatures vanquished.

Notes
Turn   | Place    | Note
-------+----------+-------------------------------------------
     0 | D:1      | Hasart the Deep Elf Earth Elementalist began the quest for
                  | the Orb.
     0 | D:1      | Reached XP level 1. HP: 10/10 MP: 6/6
     6 | D:1      | Noticed a hog
     6 | D:1      | Noticed a seven-headed hydra
     6 | D:1      | Noticed a salamander
     7 | D:1      | Noticed a redback
    96 | D:1      | Reached XP level 2. HP: 14/15 MP: 0/8
   545 | D:1      | Reached XP level 3. HP: 19/19 MP: 8/10
   692 | D:2      | Found a hide-covered altar of Uskayaw.
   694 | D:2      | Noticed Jessica
   705 | D:2      | Killed Jessica
   786 | D:2      | Noticed Natasha
   796 | D:2      | Killed Natasha
   796 | D:2      | Reached XP level 4. HP: 6/24 MP: 3/12
   840 | D:2      | Noticed Natasha
   848 | D:2      | Mangled by Natasha

Skill      XL: |  1  2  3 |
---------------+----------+-----
Earth Magic    | 4 |  4.7
Dodging        | 3 |  3.4
Spellcasting   | 4 |  4.0
Stealth        | |  2.4
Transmutations | |  1.1

Action                   |  1- 3 |  4- 6 || total
-------------------------+-------+-------++-------
Melee: Spear             |     4 |       ||     4
       Dagger            |     1 |       ||     1
       Unarmed           |       |     1 ||     1
 Cast: Sandblast         |    52 |     4 ||    56
Armor: Robe              |     5 |       ||     5
Dodge: Dodged            |    39 |     1 ||    40
